 Dungeon Crawl Stone Soup version 0.20.1-1-g8b1a95d (webtiles) character file.

330 tmwrnj the Chopper (level 6, -3/53 HPs)
             Began as a Hill Orc Fighter on July 5, 2017.
             Was an Initiate of Beogh.
             Slain by tmwrnj's ghost (6 damage)
             ... on level 4 of the Dungeon.
             The game lasted 00:08:21 (2937 turns).

tmwrnj the Chopper (Hill Orc Fighter)               Turns: 2937, Time: 00:08:21

Health: -3/53      AC:  9    Str: 19    XL:     6   Next: 51%
Magic:  6/6        EV:  5    Int:  8    God:    Beogh [......]
Gold:   186        SH:  9    Dex: 12    Spells: 5/5 levels left

rFire    . . .     SeeInvis .   t - +0 war axe
rCold    . . .     Gourm    .   c - +0 shield
rNeg     . . .     Faith    .   n - +0 chain mail
rPois    .         Spirit   .   (no helmet)
rElec    .         Reflect  .   (no cloak)
rCorr    .         Harm     .   (no gloves)
MR       .....                  (no boots)
Stlth    ..........             (no amulet)
Regen    0.2/turn               (no ring)
MPRegen  0.1/turn               (no ring)

@: no status effects
A: no striking features
a: Renounce Religion


You were on level 4 of the Dungeon.
You worshipped Beogh.
Beogh was noncommittal.
You were not hungry.

You visited 1 branch of the dungeon, and saw 5 of its levels.

You collected 186 gold pieces.

Inventory:

Hand Weapons
 t - a +0 war axe (weapon)
Armour
 c - a +0 shield (worn)
 n - a +0 chain mail (worn)
Jewellery
 e - a cursed ring of loudness {unknown}
Scrolls
 a - a scroll of fear {unknown}
 b - a scroll of blinking {unknown}
 g - 5 scrolls of identify {unknown}
 h - a scroll of enchant armour {unknown}
 j - 2 scrolls of fog {unknown}
 o - a scroll of remove curse {unknown}
 q - 3 scrolls of teleportation {unknown}
 r - a scroll of amnesia {unknown}
 u - a scroll of recharging {unknown}
Potions
 d - 2 potions of might
 k - 2 potions of haste {unknown}
 l - 3 potions of curing {unknown}
 m - a potion of agility
 s - 2 potions of flight {unknown}
 v - a potion of lignification {unknown}
Comestibles
 f - 4 bread rations
 i - 2 royal jellies
 p - a meat ration
 w - a chunk of flesh


   Skills:
 + Level 4.4 Fighting
 + Level 6.1 Axes
 + Level 4.4 Armour
 + Level 0.8 Dodging
 + Level 0.1 Stealth
 + Level 4.5 Shields


You had 5 spell levels left.
You didn't know any spells.

Dungeon Overview and Level Annotations

Branches:
Dungeon (5/15)
 Temple: D:4-7

Altars:

Annotations:
D:4 Dowan; Duvessa; Menkaure; tmwrnj's ghost, amateur HOFi


Message History

An orc is wielding a mace of protection.
The orc shouts!
The orc priest shouts!
Found a golden potion.
There is a stone staircase leading up here.
The jackal barely misses you. The jackal bites you.
* * * LOW HITPOINT WARNING * * *
You block the orc's attack.
You climb upwards.
Level annotation: Dowan; Duvessa; Menkaure; tmwrnj's ghost, amateur HOFi You block the jackal skeleton's attack.
Menkaure gestures wildly while chanting.
Menkaure seems to speed up.
Tmwrnj's ghost hits you.
* * * LOW HITPOINT WARNING * * *
The jackal skeleton bites you but does no damage.
There is a stone staircase leading down here.
Duvessa shouts!
The jackal barely misses you. You block the jackal's attack.
Tmwrnj's ghost hits you.
You die...
Beogh appreciates tmwrnj's ghost's killing of a heretic priest.

#. #.# #..
#.# #..##.#
#%..#.#
#....M#
###.#.#
#...#
.#####hh###
.e....Z@W.#
#########o#
.# #


You could see Duvessa, Menkaure, tmwrnj's ghost, an orc, 2 jackals and a jackal
skeleton.

Vanquished Creatures
  An ogre (D:4)
  Natasha (twice) (D:3)
  Terence (D:2)
  A worker ant zombie (D:2)
  8 adders
  2 adder zombies (D:2)
  2 adder skeletons (D:2)
  A worm (D:2)
  2 dart slugs (D:3)
  A leopard gecko (D:3)
  6 orcs (D:3)
  8 bats
  5 giant cockroaches
  5 goblins
  3 hobgoblins
  5 jackals
  5 kobolds
  A quokka (D:4)
  6 frilled lizards
  2 leopard gecko skeletons (D:2)
  A rat (D:3)
  3 withered plants (D:2)
71 creatures vanquished.

Vanquished Creatures (others)
  2 orcs (D:3)
  A giant cockroach (D:3)
3 creatures vanquished.

Grand Total: 74 creatures vanquished

Notes
Turn   | Place    | Note
-------+----------+-------------------------------------------
     0 | D:1      | tmwrnj the Hill Orc Fighter began the quest for the Orb.
     0 | D:1      | Reached XP level 1. HP: 19/19 MP: 1/1
   427 | D:1      | Reached XP level 2. HP: 27/27 MP: 2/2
   643 | D:1      | Reached skill level 3 in Axes
   879 | D:2      | Reached XP level 3. HP: 33/33 MP: 3/3
  1012 | D:2      | Noticed Terence
  1029 | D:2      | Killed Terence
  1029 | D:2      | Reached XP level 4. HP: 39/40 MP: 4/4
  1081 | D:2      | Reached skill level 4 in Axes
  1802 | D:3      | Reached XP level 5. HP: 37/46 MP: 5/5
  1855 | D:3      | Noticed Natasha
  1858 | D:3      | Became a worshipper of Beogh the Brigand
  1861 | D:3      | Killed Natasha
  2232 | D:3      | Noticed Natasha
  2243 | D:3      | Killed Natasha
  2243 | D:3      | Reached skill level 5 in Axes
  2380 | D:3      | Reached XP level 6. HP: 21/53 MP: 6/6
  2630 | D:4      | Noticed Duvessa
  2632 | D:4      | Noticed Dowan
  2780 | D:4      | Reached skill level 6 in Axes
  2902 | D:4      | Noticed tmwrnj's ghost (amateur HOFi)
  2915 | D:4      | Noticed Menkaure
  2934 | D:5      | Entered Level 5 of the Dungeon
  2937 | D:4      | Slain by tmwrnj's ghost

Skill      XL: |  1  2  3  4  5  6 |
---------------+-------------------+-----
Axes           | 3 4 5 6 |  6.1
Fighting       | 4 |  4.4
Shields        | 4 |  4.5
Armour         | 4 |  4.4
Dodging        | |  0.8
Stealth        | |  0.1

Action                   |  1- 3 |  4- 6 || total
-------------------------+-------+-------++-------
Melee: War axe           |   114 |   228 ||   342
Invok: Convert to Beogh  |       |     1 ||     1
  Eat: Chunk             |       |     7 ||     7
Armor: Scale mail        |    48 |       ||    48
       Chain mail        |       |   148 ||   148
Dodge: Dodged            |    22 |    40 ||    62
Block: Shield            |    39 |   138 ||   177
